 Dungeon Crawl Stone Soup version 0.17.0-24-gcfadda4 (webtiles) character file.

98 M4edhros the Sneak (level 4, 0/28 HPs)
             Began as an Octopode Artificer on Nov 16, 2015.
             Slain by septik's ghost (16 damage)
             ... on level 4 of the Dungeon.
             The game lasted 00:02:36 (1562 turns).

M4edhros the Sneak (Octopode Artificer)             Turns: 1562, Time: 00:02:40

Health: 0/28       AC:  1    Str: 10      XL:     4   Next: 71%
Magic:  7/7        EV: 12    Int: 14      God:
Gold:   98         SH:  0    Dex:  7 (13) Spells: 0 memorised, 3 levels left

rFire  . . .     SeeInvis .     q - +2 dagger (speed)
rCold  . . .     Clarity  .     (no shield)
rNeg   . . .     SustAt   .     (helmet restricted)
rPois  .         Gourm    .     (no amulet)
rElec  .         Spirit   .     r - ring of wizardry (curse)
rCorr  .         Warding  .     (no ring)
rMut   .         Stasis   .     (no ring)
MR     .....                    (no ring)
Stlth  ++++......               (no ring)
                                (no ring)
                                (no ring)
                                (no ring)

@: not resistant to hostile enchantments, stealthy
A: almost no armour, amphibious, 8 rings, constrict 8, camouflage 1, gelatinous
body 1
a: no special abilities


You were on level 4 of the Dungeon.
You were hungry.

You visited 1 branch of the dungeon, and saw 4 of its levels.

You collected 98 gold pieces.

Inventory:

Hand Weapons
 a - a +0 short sword
 q - a +2 dagger of speed (weapon)
Missiles
 j - 24 sling bullets
 k - 63 stones (quivered)
Jewellery
 r - a cursed ring of wizardry (left tentacle)
Wands
 b - a wand of flame (14)
 c - a wand of enslavement (15)
 d - a wand of random effects (15)
Scrolls
 f - 2 scrolls of remove curse {unknown}
 h - a scroll of magic mapping {unknown}
 n - a scroll of enchant weapon {unknown}
 o - 3 scrolls of identify {unknown}
 p - a scroll of blinking {unknown}
 s - a scroll of random uselessness {unknown}
Potions
 i - a potion of lignification {unknown}
 m - a potion of curing {unknown}
 t - a potion of resistance {unknown}
Comestibles
 e - 2 bread rations
 g - a beef jerky
 l - 2 fruits


   Skills:
 - Level 1.0 Fighting
 - Level 1.0 Short Blades
 - Level 2.0 Dodging
 * Level 5.1 Stealth
 + Level 4.2 Evocations


You had 3 spell levels left.
You didn't know any spells.

Dungeon Overview and Level Annotations

Branches:
Dungeon (4/15)
 Temple: D:4-7

Altars:

Annotations:
D:4 Eustachio; septik's ghost, amateur GrFi


Innate Abilities, Weirdness & Mutations

You cannot wear most types of armour.
You are amphibious.
You can wear up to eight rings at the same time.
You can use your tentacles to constrict eight enemies at once.
Your skin changes colour to match your surroundings (Stealth).
Your rubbery body absorbs attacks (AC +1).


Message History

The quasit is almost dead.
You constrict the quasit.
You kill the quasit!
Your Stealth skill increases to level 5! 4 jackals come into view.
The jackal moves out of view.
There is an open door here.
Drink which item? (? for menu, Esc to quit)
Okay, then.
Read which item? (? for menu, Esc to quit)
Okay, then.
The jackal barks! x3
The jackal barely misses you. x2
The jackal barely misses you.
The jackal bites you but does no damage.
The jackal misses you. The jackal bites you.
Septik's ghost says, "Crushing you to a pulp will hurt a lot.
After that?
Painless!
I promise!"
Septik's ghost hits you!
Ouch! That really hurt!
You die...

#.###### #...#
#... #.# #...#
#... #.# #...#
#... #.#
########...# ...
#.###..........#
#...'.........##
#####.........#
#Wh.......#
#.@.......#
#hhh......#
#.........#
#.........#
#.........#
###..######
#....# #..#.#
#..#.#


You could see septik's ghost and 4 jackals.

Vanquished Creatures
  A quasit (D:4)
  2 adders
  An ooze (D:1)
  2 giant geckos
  A ball python (D:3)
  3 bats (D:1)
  2 hobgoblins (D:1)
  2 quokkas (D:3)
  4 giant cockroaches
  3 giant newts (D:1)
  2 goblins (D:1)
  8 jackals (D:4)
  A jackal skeleton (D:4)
  11 kobolds
  3 rats
46 creatures vanquished.

Notes
Turn   | Place    | Note
--------------------------------------------------------------
     0 | D:1      | M4edhros the Octopode Artificer began the quest for the Orb.
     0 | D:1      | Reached XP level 1. HP: 13/13 MP: 3/3
    95 | D:1      | Reached XP level 2. HP: 4/18 MP: 4/4
   726 | D:2      | Reached XP level 3. HP: 23/23 MP: 5/5
   945 | D:4      | Reached skill level 4 in Stealth
   964 | D:4      | Noticed Eustachio
  1458 | D:4      | Reached XP level 4. HP: 28/28 MP: 7/7
  1514 | D:4      | Noticed septik's ghost (amateur GrFi)
  1532 | D:4      | Reached skill level 5 in Stealth
  1562 | D:4      | Slain by septik's ghost

Action                   |  1- 3 |  4- 6 || total
-------------------------+-------+-------++-------
Melee: Short sword       |    45 |       ||    45
       Dagger            |    39 |    14 ||    53
Evoke: Wand              |     1 |       ||     1
 Stab: Sleeping          |    15 |       ||    15
       Distracted        |     1 |       ||     1
  Eat: Chunk             |     1 |       ||     1
